 Dungeon Crawl Stone Soup version 0.14.2 (webtiles) character file.

657 Theye the Skirmisher (level 6, -1/48 HPs)
             Began as a Demonspawn Fighter on Oct 7, 2016.
             Was an Initiate of Okawaru.
             Killed from afar by an orc wizard (11 damage)
             ... with a puff of flame
             ... on Level 4 of the Dungeon.
             The game lasted 00:06:43 (4486 turns).

Theye the Skirmisher (Demonspawn Fighter)           Turns: 4486, Time: 00:06:43

HP  -1/48        AC  8     Str 21      XL: 6   Next: 56%
MP   6/6         EV  6     Int  9      God: Okawaru [......]
Gold 251         SH 20     Dex 15      Spells:  0 memorised,  5 levels left

rFire  . . .     SeeInvis .     a - +0 long sword
rCold  . . .     Clarity  .     b - +0 scale mail
rNeg   . . .     Conserve .     c - +0 shield
rPois  .         rCorr    .     (no helmet)
rElec  .         rRot     .     s - +0 cloak
SustAb . .       Spirit   .     (no gloves)
rMut   .         Warding  .     (no boots)
Saprov . . .     Stasis   .     (no amulet)
MR     .....                    (no ring)
                                q - ring of sustenance

@: mighty, very slightly contaminated, hasted, very quick, not resistant to
hostile enchantments, extremely unstealthy
A: claws 2, powered by pain 1
a: Renounce Religion


You were on level 4 of the Dungeon.
You worshipped Okawaru.
Okawaru was noncommittal.
You were hungry.

You visited 2 branches of the dungeon, and saw 6 of its levels.

You collected 251 gold pieces.

Inventory:

Hand weapons
 a - a +0,+0 long sword (weapon)
Armour
 b - a +0 scale mail (worn)
 c - a +0 shield (worn)
 s - a +0 cloak (worn)
Magical devices
 v - a wand of frost (11)
 C - a wand of cold (8) {unknown}
 F - a wand of enslavement (6) {unknown}
Comestibles
 d - 3 bread rations
 g - 2 meat rations
 r - an orange
 t - 2 chokos
 z - a pear
 A - an apple
 B - a snozzcumber
Scrolls
 j - 2 scrolls of amnesia
 m - a scroll of silence {unknown}
 n - a scroll of blinking
 o - 3 scrolls of fog
 u - a scroll of remove curse
 G - a scroll of immolation {unknown}
Jewellery
 q - a ring of sustenance (left claw)
Potions
 h - 3 potions of magic
 i - 2 potions of paralysis
 p - a potion of restore abilities
Books
 E - a book of Cantrips

   Spells                             Type                      Level
   Confusing Touch                    Hexes                        1
   Animate Skeleton                   Necromancy                   1
   Summon Small Mammal                Summoning                    1
   Apportation                        Translocation                1


   Skills:
 + Level 3.8 Fighting
 * Level 3.8 Long Blades
 + Level 3.7 Armour
 + Level 2.4 Dodging
 + Level 0.6 Stealth
 + Level 3.6 Shields
 + Level 0.2 Evocations


You had 5 spell levels left.
You didn't know any spells.

Dungeon Overview and Level Annotations

Branches:
Dungeon (5/15)             Temple (1/1) D:4

Altars:
Ashenzari
Cheibriados
Dithmenos
Elyvilon
Fedhas
Nemelex Xobeh
Okawaru
Trog
Vehumet
Xom
Yredelemnul
Zin
The Shining One


Innate Abilities, Weirdness & Mutations

You have very sharp fingernails.
You sometimes gain a little power by taking damage.


Message History

Your scroll labeled GRYFAY BLEOCZUIF catches fire!
* * * LOW HITPOINT WARNING * * *
The magic dart hits you!
* * * LOW HITPOINT WARNING * * *
Drink which item? (? for menu, Esc to quit)
You feel better.
Read which item? (? for menu, Esc to quit)
Okay, then.
Drink which item? (? for menu, Esc to quit)
You feel yourself speed up. Something hits you but does no damage.
You are very lightly contaminated with residual magic.
Drink which item? (? for menu, Esc to quit)
You feel very mighty all of a sudden. Something hits you but does no damage.
Unknown command.
Unknown command.
You hit something.
You hear some strange, mumbled words.
The puff of flame hits you!
You die...

#......# #.##...##
#.#.############.#......
#.#.# #...............
#.#.#####.######.#......
#.........# #.#......
##...#######
####.#...... #.....# ###
#...........
#.....###.##
#.##.#......
#(..#...@#.#
#.##.#.##.##
#..(..###>####.#....##.#
#.....# #.%......#.###.#
#.#####
#.#............## #)#
#####.#.##.##.####...
#.#
#.......##..<........
#.#
#.###.#.####..#......
#.###.###.#.# #..#......
#.........#.# #.........


There were no monsters in sight!

Vanquished Creatures
  An ogre (D:4)
  An orc priest (D:5)
  A hound (D:5)
  An orc wizard (D:3)
  An iguana (D:4)
  Jessica (D:3)
  6 gnolls
  4 adders
  A giant mite (D:1)
  2 worms
  2 giant eyeballs (D:5)
  6 orcs (D:3)
  8 giant cockroaches
  4 goblins
  10 hobgoblins
  4 jackals (D:1)
  A quokka (D:2)
  6 bats
  5 giant newts
  9 kobolds
  12 rats
86 creatures vanquished.

Vanquished Creatures (others)
  An orc (D:5)
1 creature vanquished.

Grand Total: 87 creatures vanquished

Notes
Turn   | Place    | Note
--------------------------------------------------------------
     0 | D:1      | Theye, the Demonspawn Fighter, began the quest for the Orb.
     0 | D:1      | Reached XP level 1. HP: 18/18 MP: 1/1
   159 | D:1      | Gained mutation: You sometimes gain a little power by taking damage. [demonic ancestry]
   159 | D:1      | Reached XP level 2. HP: 13/24 MP: 2/2
   528 | D:2      | Reached XP level 3. HP: 19/29 MP: 3/3
   773 | D:2      | Reached skill level 1 in Dodging
  1151 | D:2      | Gained mutation: You have sharp fingernails. [demonic ancestry]
  1151 | D:2      | Reached XP level 4. HP: 14/35 MP: 4/4
  2615 | D:3      | Reached XP level 5. HP: 37/41 MP: 5/5
  2956 | D:3      | Noticed Jessica
  2961 | D:3      | Killed Jessica
  3464 | D:4      | Noticed an ogre
  3476 | D:4      | Killed an ogre
  3476 | D:4      | Gained mutation: You have very sharp fingernails. [demonic ancestry]
  3476 | D:4      | Reached XP level 6. HP: 45/47 MP: 6/6
  3639 | D:4      | Found a staircase to the Ecumenical Temple.
  3688 | Temple   | Entered the Ecumenical Temple
  3757 | Temple   | Became a worshipper of Warmaster Okawaru
  4135 | D:5      | Entered Level 5 of the Dungeon
  4183 | D:5      | Paralysed by a giant eyeball for 4 turns
  4190 | D:5      | Found a shadowy altar of Dithmenos.
  4199 | D:5      | Paralysed by a giant eyeball for 3 turns
  4206 | D:5      | Paralysed by a giant eyeball for 4 turns
  4212 | D:5      | Paralysed by a giant eyeball for 3 turns
  4486 | D:4      | Killed from afar by an orc wizard

Action                   |  1- 3 |  4- 6 || total
-------------------------+-------+-------++-------
Melee: Long sword        |   129 |   178 ||   307
Evoke: Wand              |       |     2 ||     2
  Use: Scroll            |     3 |    11 ||    14
       Potion            |     1 |     7 ||     8
 Stab: Invisible         |       |     1 ||     1
